 Dungeon Crawl Stone Soup version 0.19-a0-706-g03de5d9 (webtiles) character file.

1729 4thArraOfDagon the Basher (level 9, 1/97 HPs)
             Began as an Ogre Fighter on June 19, 2016.
             Was a Follower of Uskayaw.
             Quit the game on level 6 of the Dungeon.
             The game lasted 00:22:33 (5507 turns).

4thArraOfDagon the Basher (Ogre Fighter)            Turns: 5507, Time: 00:22:34

Health: 1/97       AC:  4    Str: 21    XL:     9   Next: 5%
Magic:  10/10      EV: 10    Int:  8    God:    Uskayaw [*.....]
Gold:   369        SH:  0    Dex:  9    Spells: 0 memorised, 8 levels left

rFire  . . .     SeeInvis .     d - +0 scythe
rCold  . . .     Gourm    .     b - +0 robe
rNeg   . . .     Faith    +     (shield currently unavailable)
rPois  .         Spirit   .     (helmet restricted)
rElec  .         Dismiss  .     (no cloak)
rCorr  +         Reflect  .     (gloves unavailable)
SustAt .         Harm     .     (boots unavailable)
MR     .....     Rnd*Tele +     k - amulet of faith
Stlth  +.........               w - ring of resist corrosion
                                u - -2 ring of intelligence (curse)

@: lethally poisoned (1 -> 0), not resistant to hostile enchantments, very
unstealthy
A: unfitting armour, molten scales 1, blink, blurry vision 2, teleportitis 1,
tough skin 1, weak 1
a: Blink, Stomp, Renounce Religion


You were on level 6 of the Dungeon.
You worshipped Uskayaw.
Uskayaw was aware of your devotion.
You were not hungry.

You visited 2 branches of the dungeon, and saw 9 of its levels.

You collected 369 gold pieces.

Inventory:

Hand Weapons
 a - a +0 flail
 d - a +0 scythe (weapon)
 r - a +0 giant spiked club
 A - a +0 dagger of protection
 F - a +0 great mace
Missiles
 v - 8 javelins of returning (quivered)
Armour
 b - a +0 robe (worn)
 c - a +0 shield
Magical Staves
 p - an uncursed staff of earth
Jewellery
 e - an uncursed amulet of magic regeneration
 k - an amulet of faith (around neck)
 u - a cursed -2 ring of intelligence (left hand)
 w - a ring of resist corrosion (right hand)
Wands
 l - a wand of flame (0/48)
 y - a wand of flame (20/48)
 H - a wand of slowing (0/48)
Scrolls
 j - a scroll of enchant weapon {unknown}
 m - a scroll of recharging {unknown}
 o - a scroll of fear
 q - 4 scrolls of remove curse {unknown}
 s - 2 scrolls of immolation
 x - a scroll of teleportation {unknown}
 C - a scroll of torment {unknown}
 E - a scroll of blinking {unknown}
Potions
 n - a potion of magic
 t - a potion of degeneration
Books
 B - a Necronomicon

   Spells                             Type                      Level
   a - Haunt                          Necromancy/Summoning         7
   b - Borgnjor's Revivification      Necromancy                   8
   c - Death's Door                   Charms/Necromancy            8
   d - Necromutation                  Transmutation/Necromancy     8
 D - a book of Geomancy

   Spells                             Type                      Level
   a - Sandblast                      Earth                        1
   b - Passwall                       Transmutation/Earth          2
   c - Stone Arrow                    Conjuration/Earth            3
   d - Petrify                        Transmutation/Earth          4
   e - Lee's Rapid Deconstruction     Earth                        5
 I - a book of Flames

   Spells                             Type                      Level
   a - Flame Tongue                   Conjuration/Fire             1
   b - Throw Flame                    Conjuration/Fire             2
   c - Conjure Flame                  Conjuration/Fire             3
   d - Inner Flame                    Hexes/Fire                   3
   e - Sticky Flame                   Conjuration/Fire             4
   f - Fireball                       Conjuration/Fire             5
Comestibles
 f - 5 bread rations
 g - 2 chunks of flesh
 h - a meat ration


   Skills:
 + Level 8.7 Fighting
 * Level 11.9 Maces & Flails
 - Level 2.6 Dodging
 - Level 2.6 Shields
 + Level 2.6 Invocations


You had 8 spell levels left.
You didn't know any spells.

Dungeon Overview and Level Annotations

Branches:
Dungeon (8/15)             Temple (1/1) D:6
   Lair: D:8-11

Altars:
Cheibriados
Gozag
Kikubaaqudgha
Okawaru
Qazlal
Trog
Uskayaw
Vehumet
The Shining One

Annotations:
D:6 exclusion: downstairs, Prince Ribbit; tstbtto's ghost, novice CeBe
D:8 Pikel


Innate Abilities, Weirdness & Mutations

You are too large for most types of armour.
You have tough skin. (AC +1)
You are partially covered in molten scales. (AC +1)
You can translocate small distances at will.
Scrolls take you longer to read.
You are occasionally teleported next to monsters.
You are weak. (Str -2)


Message History

p - an uncursed staff of earth (weapon)
Okay, then.
Wield which item (- for none, * to show all)? (? for menu, Esc to quit)
Okay, then.
Wield which item (- for none, * to show all)? (? for menu, Esc to quit)
You are now empty-handed.
* * * LOW HITPOINT WARNING * * *
You feel sick.
Wield which item (- for none, * to show all)? (? for menu, Esc to quit)
d - a +0 scythe (weapon)
You swing at nothing.
* * * LOW HITPOINT WARNING * * *
You feel sick.
You swing at nothing.
* * * LOW HITPOINT WARNING * * *
You feel sick.
You swing at nothing.
* * * LOW HITPOINT WARNING * * *
You feel sick.
Are you sure you want to abandon this character and quit the game? (Confirm with "yes".)

############### #.......@>....#
#########.###########.#
............### #.#
##............# #.#
##..####....#.### #.#
##.[............# ###.#########
##...###....#.#.# #...........#
.)....###.#.#.#.###.#.#######.#
......###.............# #.#


There were no monsters in sight!

Vanquished Creatures
  Sigmund (D:6)
  A black bear (D:4)
  A slave (D:8)
  A phantom (D:4)
  An ogre (D:6)
  A centaur (D:8)
  6 giant frogs
  A scorpion (D:5)
  A killer bee (D:7)
  2 crimson imps (D:5)
  A giant frog zombie (D:8)
  A centaur skeleton (D:6)
  3 hounds
  A jelly (D:6)
  4 orc wizards
  An orc priest (D:6)
  Jessica (D:3)
  2 worker ants (D:7)
  10 adders
  4 gnolls (D:4)
  An ooze (D:5)
  2 adder skeletons
  2 worms (D:2)
  2 giant geckos
  24 orcs
  3 giant cockroaches
  8 goblins
  7 hobgoblins
  15 jackals
  6 quokkas
  3 ball pythons
  7 bats
  3 giant newts (D:2)
  2 jackal skeletons
  A jackal zombie (D:6)
  4 kobolds
  10 rats
144 creatures vanquished.

Vanquished Creatures (others)
  A worker ant zombie (D:6)
1 creature vanquished.

Grand Total: 145 creatures vanquished

Notes
Turn   | Place    | Note
--------------------------------------------------------------
     0 | D:1      | 4thArraOfDagon the Ogre Fighter began the quest for the Orb.
     0 | D:1      | Reached XP level 1. HP: 24/24 MP: 1/1
   148 | D:1      | Reached skill level 3 in Maces & Flails
   240 | D:1      | Reached XP level 2. HP: 32/32 MP: 2/2
   729 | D:2      | Reached skill level 4 in Maces & Flails
   729 | D:2      | Reached XP level 3. HP: 40/40 MP: 3/3
  1129 | D:2      | Found a stormy altar of Qazlal.
  1129 | D:2      | Found a radiant altar of Vehumet.
  1215 | D:2      | Reached XP level 4. HP: 20/49 MP: 4/4
  1387 | D:3      | Reached skill level 5 in Fighting
  1416 | D:2      | Reached skill level 5 in Maces & Flails
  1466 | D:3      | Noticed Jessica
  1478 | D:3      | Killed Jessica
  1571 | D:2      | Gained mutation: You are partially covered in molten scales. (AC +1) [potion of mutation]
  1571 | D:2      | Gained mutation: Armour fits poorly on your strangely shaped body. [potion of mutation]
  1571 | D:2      | Gained mutation: You are weak. (Str -2) [potion of mutation]
  1576 | D:2      | Reached XP level 5. HP: 21/57 MP: 5/5
  1590 | D:2      | Lost mutation: Armour fits poorly on your strangely shaped body. [potion of mutation]
  1590 | D:2      | Gained mutation: You are occasionally teleported next to monsters. [potion of mutation]
  1590 | D:2      | Gained mutation: Scrolls take you a little longer to read. [potion of mutation]
  1591 | D:2      | Gained mutation: You are agile. (Dex +2) [potion of mutation]
  1591 | D:2      | Lost mutation: You are agile. (Dex +2) [potion of mutation]
  1591 | D:2      | Gained mutation: Scrolls take you longer to read. [potion of mutation]
  1838 | D:4      | Reached skill level 6 in Maces & Flails
  1972 | D:4      | Noticed a phantom
  1975 | D:4      | Noticed a black bear
  1989 | D:5      | Entered Level 5 of the Dungeon
  2079 | D:6      | Noticed tstbtto's ghost (novice CeBe)
  2093 | D:6      | Reached XP level 6. HP: 43/67 MP: 6/6
  2109 | D:5      | Reached skill level 7 in Maces & Flails
  2217 | D:6      | Noticed Sigmund
  2221 | D:5      | Reached XP level 7. HP: 47/76 MP: 7/7
  2479 | D:5      | Reached skill level 8 in Maces & Flails
  2914 | D:6      | Killed Sigmund
  2914 | D:6      | Reached skill level 9 in Maces & Flails
  3140 | D:4      | Reached XP level 8. HP: 75/88 MP: 8/8
  3342 | D:4      | Reached skill level 10 in Maces & Flails
  3958 | D:6      | Reached skill level 11 in Maces & Flails
  4011 | D:6      | Noticed Prince Ribbit
  4054 | D:6      | Found a staircase to the Ecumenical Temple.
  4063 | Temple   | Entered the Ecumenical Temple
  4076 | Temple   | Became a worshipper of Uskayaw the Reveler
  4289 | D:6      | Reached * piety under Uskayaw
  4388 | D:6      | Reached ** piety under Uskayaw
  4478 | D:7      | Reached skill level 1 in Invocations
  4626 | D:8      | Reached *** piety under Uskayaw
  4631 | D:8      | Reached **** piety under Uskayaw
  5018 | D:8      | Noticed Pikel
  5101 | D:7      | Reached XP level 9. HP: 56/97 MP: 10/10
  5486 | D:7      | Gained mutation: You can translocate small distances at will. [potion of beneficial mutation]
  5500 | D:6      | HP: 4/97 [poisoned by a killer bee]
  5505 | D:6      | HP: 2/97 [poisoned by a killer bee]
  5507 | D:6      | Quit the game

Vault maps used:
D:1:      minmay_arrival_four_circles
D:2:      gammafunk_temple_overflow_wave, first_bread
D:3:      kennysheep_generic_room_12, uniq_jessica
D:6:      lemuel_temple_firewalk_marked, minmay_crossroads, uniq_prince_ribbit1,
          uniq_sigmund
D:8:      hangedman_abyss_or_decor_stabs, roderic_roman_lattice, uniq_pikel
Temple:   dpeg_circular_temple_20

Skill      XL: |  1  2  3  4  5  6  7  8 |
---------------+-------------------------+-----
Maces & Flails | 3 4 5 6 7 9 11 | 11.9
Fighting       | 5 6 7 8 |  8.7
Invocations    | 2 |  2.6
Dodging        | |  2.6
Shields        | |  2.6

Action                   |  1- 3 |  4- 6 |  7- 9 || total
-------------------------+-------+-------+-------++-------
Melee: Flail             |   122 |   138 |    53 ||   313
       Giant spiked club |       |       |   136 ||   136
       Great mace        |       |       |    38 ||    38
Throw: Javelin           |       |       |     2 ||     2
Invok: Line Pass         |       |       |     1 ||     1
 Abil: Blink             |       |       |     3 ||     3
Evoke: Wand              |       |       |    22 ||    22
  Use: Potion            |       |     8 |     4 ||    12
       Scroll            |       |       |     6 ||     6
 Stab: Paralysed         |       |       |     1 ||     1
  Eat: Chunk             |     1 |     5 |    10 ||    16
       Royal jelly       |       |       |     1 ||     1
       Beef jerky        |       |       |     2 ||     2
Armor: Robe              |    47 |    50 |    71 ||   168
Dodge: Dodged            |    44 |    36 |   175 ||   255
Block: Shield            |    57 |    56 |    18 ||   131
